cohdb
Replays
Latest Replays
All Replays
Popular Replays
Top Player Replays
Match Explorer
How It Works
Community
CoH3 Stats
Reddit
Sign in to upload your games and track your stats! →
Sign in with Steam
Match 43635002
Unlisted
Match 43635002
Overview
Messages
Build Orders
End
Selects Italian Combined Arms Battlegroup
Selects Italian Combined Arms Battlegroup
Selects Bersaglieri Squad
Bersaglieri Squad
Panzergrenadier Squad
Bersaglieri Squad
Construct Light Support Kompanie
2.5-tonne Medical Truck
Selects Bersaglieri Bolster
MG34 Team
Fire Support Elements
le.IG 18 Mechanized Group
Pak 38 Anti-tank Gun Team
Selects Breda Model 30 Light Machine Guns
Construct Panzerarmee Kommand
Flakvierling Half-track
Brothers in Trenches
Corp.Shephard
Sepah
robwarrior
ScarletTh
Nikki05
0
0
Comments
sign in to comment!
No comments posted yet!